Map: Catalyst LE

Players

iggythefisk

  • Race: Terran Terran
  • Spawn Location: 5:00

YMHUK

  • Race: Terran Terran
  • Spawn Location: 11:00

matathemyra

  • Race: Protoss Protoss

Keken

  • Race: Protoss Protoss

VOD

Have the link to the VOD?

Description

Time

  • Played on: Nov. 20, 2017, 12:59 p.m.
  • Length: 9:37
Show
View Real Time Build Order
Export as new Build Order

iggythefisk Terran 

Build Orders: Reaper Expand, MMM Bio 

Get SALT Encoding   

  12  0:00  SCV  
  13  0:13  SCV  
  14  0:19  Supply Depot  
  14  0:25  SCV  
  15  0:41  SCV  
  16  0:42  Barracks  
  16  0:46  Refinery  
  16  0:53  SCV  
  17  1:05  SCV  
  18  1:17  SCV  
  19  1:30  Reaper  
  21  1:33  Orbital Command  
  20  1:50  Command Center  
  20  1:58  SCV  
  21  2:02  Barracks Reactor  
  20  2:11  SCV  
  21  2:23  SCV  
  21  2:28  Supply Depot  
  22  2:35  SCV  
  23  2:38  Factory  
  23  2:39  Refinery  
  23  2:49  SCV, Marine x2  
  26  3:01  SCV  
  26  3:02  Orbital Command  
  27  3:09  Marine x2  
  29  3:13  SCV  
  29  3:21  Starport  
  29  3:24  Barracks, Factory Tech Lab  
  29  3:26  SCV  
  29  3:27  Marine  
  30  3:28  Marine  
  30  3:30  SCV  
  33  3:38  SCV  
  34  3:42  SCV  
  34  3:44  Marine  
  34  3:46  Marine  
  37  3:50  SCV  
  37  3:51  Factory Reactor  
  37  3:52  Supply Depot  
  37  3:54  SCV  
  39  3:59  Medivac  
  39  4:02  SCV, Marine  
  42  4:04  Marine  
  42  4:06  SCV  
  42  4:09  Supply Depot  
  45  4:20  Stimpack, Marine  
  45  4:22  SCV, Marine  
  45  4:23  Supply Depot, SCV  
  48  4:25  Refinery  
  48  4:26  Refinery  
  48  4:28  Marauder  
  50  4:35  SCV  
  50  4:38  SCV  
  52  4:41  Marine x2  
  54  4:46  Medivac  
  54  4:47  SCV  
  54  4:49  Marine  
  54  4:50  SCV  
  59  4:54  Supply Depot  
  59  4:59  SCV  
  60  5:01  Marine x2  
  60  5:04  Liberator  
  60  5:06  Medivac  
  64  5:07  Marauder  
  64  5:09  SCV  
  64  5:11  SCV  
  68  5:19  Marine x2  
  68  5:21  SCV  
  74  5:23  SCV  
  74  5:24  Supply Depot  
  75  5:30  Command Center  
  75  5:31  Marauder  
  77  5:40  SCV  
  77  5:41  Marine  
  78  5:46  Supply Depot, Viking, SCV, Marine  
  78  5:47  Supply Depot  
  82  5:52  Marauder, SCV  
  85  5:58  SCV  
  85  5:59  Engineering Bay  
  86  6:07  SCV, Marine x2  
  86  6:09  Supply Depot x2  
  86  6:10  SCV  
  90  6:11  Medivac  
  90  6:17  Marauder  
  94  6:21  Combat Shields  
  94  6:23  SCV  
  94  6:24  SCV  
  94  6:25  Terran Infantry Weapons Level 1, Marine x2  
  98  6:31  Engineering Bay  
  98  6:33  Supply Depot  
  98  6:35  Supply Depot  
  98  6:38  Liberator  
  98  6:40  SCV x2  
  98  6:42  Marauder  
  98  6:46  Orbital Command  
  102  6:47  Marine  
  102  6:48  Marine  
  102  6:52  Medivac  
  109  7:01  Terran Infantry Armor Level 1  
  109  7:03  Armory  
  109  7:04  SCV  
  109  7:05  Orbital Command, SCV  
  111  7:12  Marine x2  
  111  7:13  Marauder  
  115  7:18  SCV x2  
  115  7:21  Liberator  
  115  7:22  Viking  
  119  7:30  Barracks, Marine x2  
  119  7:32  Barracks  
  119  7:35  Marauder  
  123  7:39  SCV  
  123  7:40  Concussive Shells  
  123  7:42  SCV x2  
  129  7:48  Marine x2  
  131  7:51  SCV  
  131  7:52  Supply Depot x2  
  131  7:54  SCV x2  
  131  7:57  Marauder  
  129  8:03  SCV  
  128  8:06  SCV x2, Marine x2  
  127  8:15  Supply Depot, SCV  
  127  8:18  Marauder, SCV  
  127  8:19  Barracks Reactor, Barracks Tech Lab  
  126  8:23  Barracks, Marine x2  
  126  8:25  Medivac  
  124  8:28  Refinery  
  124  8:31  Refinery  
  122  8:39  Marauder  
  125  8:41  Marauder, Marine x2  
  125  8:44  Barracks  
  125  8:48  Command Center  
  126  8:56  Marine x2  
  126  8:59  Marine x2  
  126  9:00  Medivac  
  126  9:01  Marauder  
  134  9:02  Marauder  
  134  9:03  Supply Depot  
  133  9:18  Marine, Barracks Tech Lab  
  133  9:19  Marine  
  143  9:27  Supply Depot  
  143  9:29  Barracks  
  141  9:34  Barracks Tech Lab  
Show
View Real Time Build Order
Export as new Build Order

YMHUK Terran 

Build Orders:  

Get SALT Encoding   

  12  0:01  Probe  
  13  0:13  Probe  
  14  0:21  Pylon  
  14  0:25  Probe  
  15  0:39  Probe  
  15  0:41  Gateway  
  16  0:51  Probe  
  16  0:52  Assimilator  
  17  0:58  Assimilator, Probe  
  18  1:05  Probe  
  19  1:17  Probe  
  20  1:29  Probe  
  21  1:45  Nexus  
  21  2:00  Cybernetics Core  
  21  2:06  Probe  
  22  2:10  Pylon  
  22  2:18  Probe  
  23  2:27  Stalker  
  23  2:30  Probe  
  24  2:42  Probe  
  27  2:45  Shield Battery  
  25  3:09  Stalker  
  25  3:12  Probe x2 (Chrono Boost)  
  31  3:21  Warp Gate  
  31  3:23  Probe x2 (Chrono Boost)  
  31  3:25  Probe  
  31  3:26  Probe  
  33  3:36  Shield Battery  
  33  3:37  Probe  
  33  3:38  Probe  
  33  3:40  Shield Battery  
  35  3:49  Probe, Robotics Facility  
  35  3:50  Probe  
  37  3:57  Pylon  
  37  4:01  Probe  
  37  4:02  Probe  
  39  4:13  Probe  
  39  4:14  Probe  
  39  4:16  Stargate  
  41  4:21  Forge  
  41  4:25  Probe  
  41  4:26  Probe  
  41  4:29  Forge  
  43  4:32  Probe  
  43  4:38  Probe  
  44  4:40  Observer  
  44  4:41  Probe  
  44  4:43  Pylon  
  47  4:49  Assimilator  
  47  4:50  Probe  
  47  4:51  Assimilator  
  47  4:52  Pylon  
  48  4:53  Probe  
  48  4:58  Photon Cannon  
  49  5:00  Phoenix  
  49  5:04  Protoss Ground Armor Level 1  
  51  5:09  Immortal  
  51  5:10  Protoss Ground Weapons Level 1  
  55  5:19  Probe  
  55  5:35  Stalker  
  56  5:40  Phoenix  
  52  5:56  Probe x2  
  56  5:58  Phoenix, Observer  
  56  6:00  Stalker  
  56  6:03  Shield Battery  
  59  6:05  Photon Cannon  
  59  6:08  Probe x2  
  63  6:30  Nexus  
  61  6:36  Robotics Bay  
  61  6:37  Immortal (Chrono Boost)  
  65  6:48  Phoenix  
  65  6:53  Pylon  
  67  6:56  Pylon  
  67  7:00  Pylon  
  67  7:04  Shield Battery  
  67  7:06  Phoenix, Shield Battery  
  67  7:11  Immortal  
  67  7:12  Pylon  
  73  7:29  Stalker  
  75  7:33  Pylon  
  75  7:35  Shield Battery, Pylon  
  75  7:36  Shield Battery  
  75  7:37  Phoenix  
  75  7:42  Robotics Bay  
  75  7:43  Twilight Council  
  75  7:59  Stalker  
  75  8:00  Immortal  
  61  8:38  Phoenix  
  61  8:46  Pylon  
  61  8:47  Pylon  
  63  8:49  Disruptor  
  63  8:52  Pylon  
  60  9:03  Phoenix  
  62  9:12  Gateway  
Show
View Real Time Build Order
Export as new Build Order

matathemyra Protoss 

Build Orders:  

Get SALT Encoding   

Show
View Real Time Build Order
Export as new Build Order

Keken Protoss 

Build Orders:  

Get SALT Encoding   

Tags
 
Add a new tag
Caveats
  • Supply blocks, unpowered buildings, or Contaminate may cause inaccurate times.
  • Supply counts are checked every 10 seconds.